[Event "Late-Titled-Tuesday-Blitz-June-25-2024"]
[Site "Chess.com"]
[Date "2024.06.25"]
[Round "4"]
[White "koncheto"]
[Black "albayo"]
[Result "1-0"]
[WhiteElo "2574"]
[BlackElo "2398"]
[TimeControl "180+1"]
[EndTime "14:36:19 PDT"]
[Termination "koncheto won by checkmate"]

1. e4 c5 2. Nf3 Nc6 3. d4 cxd4 4. Nxd4 Nf6 5. Nc3 d6 6. Bg5 e6 7. Qd2 a6 8. O-O-O Bd7 9. f3 b5 10. h4 b4 11. Nxc6 Bxc6 12. Ne2 Qa5 13. Kb1 Bb5 14. Nd4 Bxf1 15. Rhxf1 Rc8 16. a3 Nd7 17. Qxb4 Qc7 18. Qa4 Qb6 19. Rd3 Be7 20. Rb3 Qc7 21. Rc3 Qb7 22.
Rxc8+ Qxc8 23. Bxe7 Kxe7 24. Nc6+ Kf8 25. Rd1 Nc5 26.
Qb4 Qb7 27. Rxd6 Qxb4 28. Rd8# 1-0

[Event "Late-Titled-Tuesday-Blitz-June-25-2024"]
[Site "Chess.com"]
[Date "2024.06.25"]
[Round "4"]
[White "jaramsdal"]
[Black "MoldyTofu"]
[Result "1-0"]
[WhiteElo "2438"]
[BlackElo "2036"]
[TimeControl "180+1"]
[EndTime "14:36:19 PDT"]
[Termination "jaramsdal won by resignation"]

1. e4 e6 2. d4 d5 3. Nd2 dxe4 4.
Nxe4 Nf6 5. Ng3 c5 6. Nf3 Nc6 7. Be3 cxd4 8. Nxd4 Nxd4 9. Qxd4 Be7 10. Qxd8+ Bxd8 11. Be2 O-O 12. Bf3 Be7 13. O-O-O e5 14. Rhe1 Ng4 15.
Bxg4 Bxg4 16. f3 Be6 17. Kb1 Bh4 18. Bc5 Rfd8 19. b3 Bxg3 20. hxg3 Rxd1+ 21. Rxd1 a6 22. c4 Rc8 23. Bd6 f6 24. c5 Kf7 25. Kb2 g6 26.
b4 Rc6 27. a4 Bc4 28. Kc3 Be6 29. b5 axb5 30. axb5 Rc8 31. Ra1 Rd8 32. Ra7 Rd7 33.
Kb4 h5 34. c6 bxc6 35. b6 c5+ 36. Kxc5 1-0

[Event "Late-Titled-Tuesday-Blitz-June-25-2024"]
[Site "Chess.com"]
[Date "2024.06.25"]
[Round "4"]
[White "Talent-OF-Slovenia"]
[Black "Denmark2015"]
[Result "1-0"]
[WhiteElo "2453"]
[BlackElo "2613"]
[TimeControl "180+1"]
[EndTime "14:36:21 PDT"]
[Termination "Talent-OF-Slovenia won by resignation"]

1. e4 e6 2. d4 d5 3. exd5 exd5 4. Bd3 c5 5. Nf3 c4 6. Be2 Nf6 7. O-O Bd6 8. b3 cxb3 9. axb3 O-O 10. c4 h6 11. Nc3 Be6 12. c5 Bc7 13. b4 b6 14. b5 bxc5 15. dxc5 Nbd7 16. c6 Nb6 17. Be3 Re8 18. h3 Qd6 19. Qd4 Red8 20. Rfd1 Qe7 21.
Bf4 Bxf4 22. Qxf4 Qc5 23. Qd4 Qd6 24. Na4 Nxa4 25. Rxa4 Qe7 26. Rda1 Ne8 27. Rxa7 Rxa7 28. Rxa7 Qd6 29. Bd3 Rc8 30. Ra1 Qc7 31. Qc5 Rb8 32. Nd4 Nd6 33. Ra7 Nb7 34. Rxb7 Rxb7 35. cxb7 Qxc5 36.
b8=Q+ Qc8 37. Qxc8+ Bxc8 38. b6 Bb7 39. Bb5 1-0

[Event "Late-Titled-Tuesday-Blitz-June-25-2024"]
[Site "Chess.com"]
[Date "2024.06.25"]
[Round "4"]
[White "th3d4rkness"]
[Black "SharathRk6"]
[Result "1-0"]
[WhiteElo "2272"]
[BlackElo "2462"]
[TimeControl "180+1"]
[EndTime "14:36:21 PDT"]
[Termination "th3d4rkness won by resignation"]

1. e4 e5 2. Nf3 Nc6 3. d4 exd4 4. Bc4 Nf6 5. e5 d5 6. Bb5 Ne4 7. Nxd4 Bc5 8. Be3 Bd7 9. Bxc6 bxc6 10. O-O O-O 11. f3 f6 12. e6 Bxe6 13. Nxe6 Bxe3+ 14. Kh1 Qe7 15. Nxf8 Nf2+ 16. Rxf2 Bxf2 17. Nxh7 Kxh7 18.
Qd3+ Kg8 19. Nc3 Re8 20. Rf1 Qe1 21. g3 Qe3 22. Kg2 Qxd3 23. cxd3 Bd4 24. f4 Kf7 25. h4 Rb8 26. Na4 Re8 27. Nc3 Rb8 28. Na4 Rb4 29. b3 Rb8 30. Re1 Re8 31. Rc1 Re1 32. Rxe1 g6 33.
Rc1 1-0

[Event "Late-Titled-Tuesday-Blitz-June-25-2024"]
[Site "Chess.com"]
[Date "2024.06.25"]
[Round "4"]
[White "Bilan_Danila"]
[Black "patzer-reloaded"]
[Result "1-0"]
[WhiteElo "2628"]
[BlackElo "2425"]
[TimeControl "180+1"]
[EndTime "14:36:25 PDT"]
[Termination "Bilan_Danila won on time"]

1. d4 Nf6 2. Nf3 e6 3. g3 d5 4. Bg2 c5 5. c4 Nc6 6. cxd5 exd5 7. Nc3 Be7 8. O-O O-O 9. dxc5 Bxc5 10. Bg5 d4 11. Ne4 Be7 12. Bxf6 Bxf6 13. Rc1 Re8 14. Nc5 Qb6 15. Qc2 Nb4 16. Qc4 Bf5 17. a3 Nc6 18. b4 Rad8 19. Rfe1 a5 20. Nxb7 Qxb7 21. Qxc6 Qxc6 22.
Rxc6 axb4 23. axb4 Be4 24. Rcc1 Rb8 25. Nd2 Bxg2 26.
Kxg2 Rxb4 27. Rb1 Rxb1 28. Rxb1 g6 29. Kf3 Rc8 30. Ne4 Kg7 31. Rb7 1-0

[Event "Late-Titled-Tuesday-Blitz-June-25-2024"]
[Site "Chess.com"]
[Date "2024.06.25"]
[Round "4"]
[White "Perecke"]
[Black "FMOlexandrProhorov"]
[Result "1/2-1/2"]
[WhiteElo "2508"]
[BlackElo "2366"]
[TimeControl "180+1"]
[EndTime "14:36:26 PDT"]
[Termination "Game drawn by agreement"]

1. d4 d6 2. e4 g6 3. Nc3 Bg7 4.
f4 Nf6 5. Nf3 c5 6. dxc5 Qa5 7.
Bd3 Qxc5 8. Qe2 O-O 9. Be3 Qa5 10. O-O Bg4 11. h3 Bxf3 12. Qxf3 Nc6 13. Rad1 Nd7 14. Nd5 e6 15. Nc3 Bxc3 16. bxc3 Qxc3 17. f5 Nce5 18. Qf2 Rac8 19. Bh6 Rfe8 20. fxg6 hxg6 21. Bb5 Qc5 22.
Bxd7 Qxf2+ 23. Rxf2 Nxd7 24. Rxd6 Nc5 25. Rd4 e5 26.
Rc4 b5 27. Rb4 a6 28. Be3 Red8 29. Rf6 Kg7 30. Rb6 Rd1+ 31. Kh2 Ne6 1/2-1/2

[Event "Late-Titled-Tuesday-Blitz-June-25-2024"]
[Site "Chess.com"]
[Date "2024.06.25"]
[Round "4"]
[White "Gzucaritas"]
[Black "KVAIDAN"]
[Result "1-0"]
[WhiteElo "2043"]
[BlackElo "2416"]
[TimeControl "180+1"]
[EndTime "14:36:26 PDT"]
[Termination "Gzucaritas won by checkmate"]

1. e4 e5 2. Nf3 d5 3. Nxe5 Bd6 4. d4 dxe4 5. Nc4 Nf6 6. Nxd6+ Qxd6 7. h3 Nc6 8. Be3 Nd5 9. Bc1 f5 10. c4 Nf6 11. d5 Ne5 12. Nc3 Bd7 13. Bf4 Nd3+ 14. Bxd3 Qxf4 15. Be2 O-O-O 16. g3 Qd6 17. Qd4 a6 18.
O-O-O Qb4 19. a3 Qa5 20. Qa7 Ba4 21. Rd2 Bb3 22. Qa8+ Kd7 23. Qxb7 Qb6 24. Qxb6 cxb6 25. c5 bxc5 26. Bxa6 c4 27. d6 Rb8 28. Bb5+ Kd8 29. d7 Rf8 30. Re1 Rf7 31. f3 Re7 32. fxe4 Nxe4 33. Nxe4 Rxe4 34. Rxe4 fxe4 35. Bc6 Rb6 36. Bxe4 g6 37. h4 Re6 38. Rd4 Re7 39. Bc6 Re1+ 40. Kd2 Rb1 41. Kc3 Rc1+ 42. Kb4 Re1 43. a4 Re6 44.
Bb5 Rb6 45. a5 Rb7 46. a6 Ra7 47. Ka5 c3 48. bxc3 Be6 49. Kb6 Rc7 50. a7 Bxd7 51. Bxd7 Ke7 52. a8=Q Rxc3 53. Qe8+ Kf6 54. Rf4+ Kg7 55.
Qf8# 1-0

[Event "Late-Titled-Tuesday-Blitz-June-25-2024"]
[Site "Chess.com"]
[Date "2024.06.25"]
[Round "4"]
[White "Crazy_girl99"]
[Black "Javokhir_Sindarov05"]
[Result "0-1"]
[WhiteElo "2700"]
[BlackElo "3066"]
[TimeControl "180+1"]
[EndTime "14:36:28 PDT"]
[Termination "Javokhir_Sindarov05 won by resignation"]

1. e4 c5 2. Nf3 e6 3. d4 cxd4 4. Nxd4 Nf6 5. Nc3 Nc6 6. Nxc6 bxc6 7. e5 Nd5 8. Ne4 Qc7 9. f4 Rb8 10. Bd3 Ba6 11. O-O Bxd3 12. Qxd3 Be7 13. a3 f5 14.
exf6 Nxf6 15. Ng5 O-O 16. Bd2 h6 17. Nf3 Rxb2 18. Ne5 Qd6 19. Bb4 c5 20. Qxd6 Bxd6 21. Nc4 Rxc2 22. Nxd6 cxb4 23. axb4 Nd5 24. g3 Rb8 25.
Rf2 Rc6 26. Ne4 Rxb4 27. Nd2 a6 28. Nf3 Rcb6 29. Ne5 d6 30. Nd3 Rb1+ 31. Rxb1 Rxb1+ 32. Kg2 Rb3 33. Nc1 Ra3 34. h4 h5 35. Re2 Kf7 36. Kf2 a5 37. Rd2 Nf6 38. Re2 a4 39.
Na2 Rb3 40. Ke1 a3 41. Kf2 Ng4+ 42. Kg2 Rb2 43. Kf3 Nf6 44. Ke3 Nd5+ 45. Kd3 Rxa2 0-1

[Event "Late-Titled-Tuesday-Blitz-June-25-2024"]
[Site "Chess.com"]
[Date "2024.06.25"]
[Round "4"]
[White "djano"]
[Black "SchmakAttack"]
[Result "0-1"]
[WhiteElo "2577"]
[BlackElo "2870"]
[TimeControl "180+1"]
[EndTime "14:36:29 PDT"]
[Termination "SchmakAttack won by resignation"]

1. e4 e6 2. b3 d5 3. Bb2 Nc6 4. d3 dxe4 5. Nd2 exd3 6. Bxd3 Nf6 7. a3 Be7 8. Ngf3 O-O 9. Qe2 Nd5 10. g3 Bf6 11.
Ne5 Nxe5 12. Bxe5 Bxe5 13. Qxe5 Qf6 14. f4 Qxe5+ 15. fxe5 Bd7 16. Ke2 Bc6 17. Rhf1 Rad8 18. Ne4 Ne7 19. Ng5 Ng6 20. h4 Nxe5 21. Bxh7+ Kh8 22.
Be4 Bxe4 23. Nxe4 Rd4 24. Nf2 Rfd8 25. Rad1 Rxd1 26. Nxd1 Kg8 27. Rf4 f5 28. Ne3 Kf7 29.
Ra4 a6 30. Rb4 b6 31. Ra4 a5 32. b4 Rd4 33. c3 Re4 34. Kd2 Ke7 35. Nc2 Nc6 36. Ne3 b5 37. Rxa5 Nxa5 38. bxa5 Ra4 39. c4 bxc4 40. Kc3 Rxa3+ 0-1

[Event "Late-Titled-Tuesday-Blitz-June-25-2024"]
[Site "Chess.com"]
[Date "2024.06.25"]
[Round "4"]
[White "Walter_White_Poland"]
[Black "jinxy2009"]
[Result "0-1"]
[WhiteElo "2406"]
[BlackElo "2265"]
[TimeControl "180+1"]
[EndTime "14:36:30 PDT"]
[Termination "jinxy2009 won by resignation"]

1. e4 c6 2. d4 d5 3. f3 dxe4 4. fxe4 e5 5. Nf3 Bg4 6. c3 Nd7 7. Bd3 Ngf6 8. O-O Bd6 9. Bg5 Qc7 10. Nbd2 O-O-O 11. Qc2 h6 12. Bh4 g5 13. Bf2 Kb8 14. b4 Nh5 15. a4 Nf4 16. a5 Bxf3 17. Nxf3 g4 18. Nh4 exd4 19. Bg3 Nxd3 20. Bxd6 Qxd6 21. Qxd3 Ne5 22. Qxd4 Qxd4+ 23. cxd4 Rxd4 24. Rab1 Rxe4 25. b5 c5 26. Nf5 Rd8 27. Nxh6 Rd2 28. Rf2 Ree2 29.
Rxe2 Rxe2 30. b6 axb6 31. axb6 c4 32. Rf1 c3 33. Rc1 c2 34. Kf1 Rd2 35. Ke1 Rxg2 36. Nf5 Nd3+ 37. Kf1 Nxc1 38. Kxg2 Nd3 0-1

[Event "Late-Titled-Tuesday-Blitz-June-25-2024"]
[Site "Chess.com"]
[Date "2024.06.25"]
[Round "4"]
[White "osielchesslover2011"]
[Black "Kaustubh_Kodihalli"]
[Result "0-1"]
[WhiteElo "2184"]
[BlackElo "2445"]
[TimeControl "180+1"]
[EndTime "14:36:31 PDT"]
[Termination "Kaustubh_Kodihalli won by resignation"]

1. e4 c5 2. Nf3 Nc6 3. d4 cxd4 4. Nxd4 Nf6 5. Nc3 e5 6. Ndb5 d6 7. Nd5 Nxd5 8. exd5 Nb8 9. c4 a6 10. Nc3 Be7 11.
Be3 O-O 12. Bd3 f5 13. f4 Nd7 14. O-O g5 15. fxg5 Bxg5 16. Bxg5 Qxg5 17. Rf3 Kh8 18. Rg3 Qf6 19. Qh5 Nc5 20. Bc2 Bd7 21.
Rf1 a5 22. Rh3 Qf7 23. Qh6 Qe7 24. Rff3 e4 25. Rf4 Rg8 26. Rfh4 Rg7 27. Ne2 f4 28. Nxf4 Bxh3 29. Rxh3 Qg5 30. Qxd6 Nd3 31. Bxd3 exd3 32. Rg3 d2 33. Rxg5 d1=Q+ 34. Kf2 Rxg5 35. Qf6+ Rg7 36.
Ne6 Qd2+ 37. Kf3 Qxg2+ 38. Ke3 Re8 39. Kd4 Qxb2+ 0-1

[Event "Late-Titled-Tuesday-Blitz-June-25-2024"]
[Site "Chess.com"]
[Date "2024.06.25"]
[Round "4"]
[White "mishanick"]
[Black "Fandorine"]
[Result "1-0"]
[WhiteElo "3169"]
[BlackElo "2913"]
[TimeControl "180+1"]
[EndTime "14:36:32 PDT"]
[Termination "mishanick won by resignation"]

1. d4 Nf6 2. c4 e6 3. Nc3 d5 4.
Bg5 Be7 5. e3 O-O 6. Qc2 h6 7.
Bh4 Nbd7 8. cxd5 exd5 9. Bd3 c6 10. Nf3 Re8 11. Nd2 Nh5 12. Bxe7 Qxe7 13. O-O Ndf6 14.
Rae1 Be6 15. f3 g6 16. Nb3 b6 17. Qf2 Rad8 18. Qh4 c5 19. Bb5 Rf8 20. g4 g5 21. Qf2 Ng7 22. h4 c4 23. Nc1 Bc8 24. Ba4 a6 25. Bc2 b5 26. a3 Bb7 27. N1e2 Bc6 28. Ng3 gxh4 29. Nf5 Nxf5 30. Bxf5 Kg7 31. Qxh4 Ng8 32. Qg3 a5 33. Kg2 b4 34. axb4 axb4 35. Nd1 Ra8 36. f4 Ra2 37. Rf2 Ba4 38. g5 hxg5 39. Rh1 Re8 40. fxg5 Kf8 41. g6 f6 42. Rh7 Bxd1 43. g7+ 1-0

[Event "Late-Titled-Tuesday-Blitz-June-25-2024"]
[Site "Chess.com"]
[Date "2024.06.25"]
[Round "4"]
[White "GiorgianBarbosa"]
[Black "Sanan_Sjugirov"]
[Result "0-1"]
[WhiteElo "2608"]
[BlackElo "3002"]
[TimeControl "180+1"]
[EndTime "14:36:33 PDT"]
[Termination "Sanan_Sjugirov won on time"]

1. c4 Nf6 2. g3 e5 3. Bg2 Bc5 4. e3 c6 5. d4 exd4 6. exd4 Bb4+ 7. Bd2 Bxd2+ 8. Qxd2 d5 9. cxd5 Nxd5 10. Nc3 Be6 11. Nge2 O-O 12. O-O Na6 13. Rfe1 Nac7 14. Nf4 Nxf4 15. Qxf4 a5 16. Re5 a4 17. a3 Bb3 18. Rae1 Ne6 19. Qg4 Qxd4 20. Be4 g6 21. Rh5 Rad8 22. Rh6 Qg7 23. Qh4 Rd4 24. Ne2 Rxe4 0-1

[Event "Late-Titled-Tuesday-Blitz-June-25-2024"]
[Site "Chess.com"]
[Date "2024.06.25"]
[Round "4"]
[White "WindWhistler11"]
[Black "KebabJangles"]
[Result "1-0"]
[WhiteElo "2454"]
[BlackElo "2225"]
[TimeControl "180+1"]
[EndTime "14:36:33 PDT"]
[Termination "WindWhistler11 won by resignation"]

1. Nf3 Nf6 2. c4 g6 3. g3 Bg7 4. Bg2 O-O 5. O-O d6 6. Nc3 Nc6 7. Rb1 a5 8. a3 Bf5 9. d3 e5 10. Nh4 Be6 11. b4 axb4 12. axb4 d5 13. b5 Ne7 14. c5 Nd7 15. Na4 f5 16. Nf3 d4 17.
Ng5 Bd5 18. Bxd5+ Nxd5 19. Ne6 Qe7 20. Nxf8 Bxf8 21. Qb3 Qf7 22. c6 bxc6 23. bxc6 Nc5 24. Nxc5 Bxc5 25. Bd2 e4 26. Qc4 Bb6 27. Rb5 e3 28. fxe3 dxe3 29. Be1 Ne7 30. Qxf7+ Kxf7 31. g4 Ra2 32. Bh4 Rxe2 33. Rc1 fxg4 34. Bxe7 Kxe7 35. Rxb6 Rd2 36. Rb4 Rxd3 37. Rxg4 Kd6 38. Re4 Kd5 39. Re7 Kd6 40. Rd7+ 1-0

[Event "Late-Titled-Tuesday-Blitz-June-25-2024"]
[Site "Chess.com"]
[Date "2024.06.25"]
[Round "4"]
[White "VaglioSagan"]
[Black "AlphaPerseii"]
[Result "1-0"]
[WhiteElo "2549"]
[BlackElo "2383"]
[TimeControl "180+1"]
[EndTime "14:36:34 PDT"]
[Termination "VaglioSagan won on time"]

1. d4 d5 2. c4 c6 3. Nc3 Nf6 4. e3 a6 5. Nf3 e6 6. b3 Nbd7 7. Bd3 Bd6 8. O-O e5 9. cxd5 cxd5 10. e4 exd4 11. Nxd5 Nxd5 12. exd5 O-O 13. Nxd4 Ne5 14. Be4 Qh4 15. Qe2 Bg4 16. f3 Nc6 17. g3 Nxd4 18.
Qf2 Qh3 19. fxg4 Bc5 20. Be3 Rae8 21. Bxd4 1-0

[Event "Late-Titled-Tuesday-Blitz-June-25-2024"]
[Site "Chess.com"]
[Date "2024.06.25"]
[Round "4"]
[White "IngOscarArdila"]
[Black "komogro"]
[Result "0-1"]
[WhiteElo "2377"]
[BlackElo "2522"]
[TimeControl "180+1"]
[EndTime "14:36:34 PDT"]
[Termination "komogro won by resignation"]

1. d4 Nf6 2. c4 e6 3. Nc3 Bb4 4. Qc2 O-O 5. Nf3 c5 6. dxc5 Bxc5 7. Bg5 h6 8. Bh4 Nc6 9. e3 Be7 10. Be2 d6 11. O-O b6 12. Rfd1 Bb7 13. a3 Qc7 14. b4 Rac8 15. Rac1 Qb8 16. Qb2 Rfe8 17. Bg3 Nh5 18.
Bh4 Bxh4 19. Nxh4 Nf6 20. Nf3 Ne7 21. Nb5 Nf5 22. Nfd4 Nxd4 23. Rxd4 Red8 24. Rcd1 Ne8 25. Qd2 d5 26. cxd5 Rxd5 27. Rxd5 Bxd5 28. Bf3 Bxf3 29.
gxf3 Nf6 30. Qd6 Qb7 31. Qe5 Qxf3 32. Re1 Qxf2+ 33. Kxf2 Ng4+ 34. Kf3 Nxe5+ 35. Ke4 Nc4 36. Rd1 a6 37. Na7 Rc7 38. Rd8+ Kh7 39. Nc8 Rxc8 40.
Rxc8 Nd6+ 41. Ke5 Nxc8 42. a4 Kg8 43. a5 bxa5 44. bxa5 Kf8 45. Kd4 Ke7 46. Kc5 Nd6 47. Kc6 Nc4 48. Kb7 Nxa5+ 49. Kxa6 Nc4 50. e4 e5 0-1

[Event "Late-Titled-Tuesday-Blitz-June-25-2024"]
[Site "Chess.com"]
[Date "2024.06.25"]
[Round "4"]
[White "Heliosis11"]
[Black "Patolindo"]
[Result "0-1"]
[WhiteElo "2425"]
[BlackElo "2166"]
[TimeControl "180+1"]
[EndTime "14:36:35 PDT"]
[Termination "Patolindo won by resignation"]

1. d4 Nf6 2. c4 g6 3. g3 Bg7 4. Bg2 d5 5. Nf3 O-O 6. O-O dxc4 7. Qc2 Nc6 8. Qxc4 Be6 9. Qd3 Bf5 10. Qd1 Be4 11. Be3 Nd5 12. Nc3 Nxe3 13. fxe3 Bf5 14.
e4 Bd7 15. d5 Ne5 16. e3 Ng4 17. Qd3 c6 18. Rad1 Qb6 19. Nd4 Rad8 20. Qe2 Bh6 21.
Rf3 Ne5 22. Rff1 Bg4 23. Bf3 Bxf3 24. Nxf3 Ng4 25. Rd3 Nxe3 26. Rb1 cxd5 27. exd5 Nxd5+ 28. Kh1 Nxc3 29. Rxc3 Bg7 30. Rb3 Qc6 31. Re1 e5 32. Kg1 Rfe8 33. Ng5 e4 34. h4 e3 35. Kh2 Rd2 0-1

[Event "Late-Titled-Tuesday-Blitz-June-25-2024"]
[Site "Chess.com"]
[Date "2024.06.25"]
[Round "4"]
[White "IsaacWiebe"]
[Black "ybothg"]
[Result "1-0"]
[WhiteElo "2370"]
[BlackElo "2494"]
[TimeControl "180+1"]
[EndTime "14:36:36 PDT"]
[Termination "IsaacWiebe won by resignation"]

1. e4 c5 2. Nf3 e6 3. d4 cxd4 4. Nxd4 Nf6 5. Nc3 Nc6 6. Ndb5 Bb4 7. a3 Bxc3+ 8. Nxc3 d5 9. exd5 exd5 10. Bd3 O-O 11. O-O d4 12. Ne2 Bg4 13. f3 Bh5 14. Nf4 Bg6 15. Nxg6 hxg6 16. Bg5 Qd6 17. Bxf6 Qxf6 18. Re1 Rfe8 19. Qd2 Ne5 20. Rad1 Rad8 21. Bf1 Qb6 22. Qb4 Qxb4 23. axb4 a6 24. b5 a5 25. f4 Ng4 26.
Rxe8+ Rxe8 27. Rxd4 Re1 28. Rd2 Rb1 29. b3 Ne3 30.
Rf2 Rc1 31. g3 Nxc2 32. Rf3 Nd4 33. Rd3 Nxb5 34. Rd8+ Kh7 35. Kg2 Nc7 36. Bc4 f5 37.
Bg8+ Kh8 38. Bc4+ Kh7 39. Bg8+ Kh8 40. Rc8 Rc2+ 41. Kh3 Rc3 42. Bc4+ Kh7 43. Rxc7 1-0

[Event "Late-Titled-Tuesday-Blitz-June-25-2024"]
[Site "Chess.com"]
[Date "2024.06.25"]
[Round "4"]
[White "Puzzlebot_1294"]
[Black "Good_Knight_Kiss"]
[Result "1-0"]
[WhiteElo "2637"]
[BlackElo "2360"]
[TimeControl "180+1"]
[EndTime "14:36:37 PDT"]
[Termination "Puzzlebot_1294 won by resignation"]

1. d4 Nf6 2. Bf4 g6 3. Nc3 Bg7 4. e4 d6 5. Qd2 c6 6. Bh6 Bxh6 7.
Qxh6 Qa5 8. Bd3 b5 9. Nf3 b4 10.
Ne2 b3+ 11. c3 bxa2 12. Bc4 Qb6 13. e5 dxe5 14. Nxe5 Nd5 15. Rxa2 Be6 16. O-O Nd7 17. Nxd7 Kxd7 18. Re1 a5 19. Ng3 Qc7 20. Ne4 Qf4 21. Nc5+ Kd6 22. Ne4+ Kc7 23. Ng5 Kd6 24. Bxd5 Bxd5 25.
Ne4+ Qxe4 26. Rxe4 Bxe4 27. Qf4+ Kd5 28. Qe5+ Kc4 29.
Qxe4 Kb3 30. Ra1 1-0

[Event "Late-Titled-Tuesday-Blitz-June-25-2024"]
[Site "Chess.com"]
[Date "2024.06.25"]
[Round "4"]
[White "MaestroCheck"]
[Black "Jahonas"]
[Result "1/2-1/2"]
[WhiteElo "2639"]
[BlackElo "2448"]
[TimeControl "180+1"]
[EndTime "14:36:39 PDT"]
[Termination "Game drawn by repetition"]

1. e4 c6 2. d4 d5 3. Nd2 dxe4 4.
Nxe4 Nf6 5. Nxf6+ exf6 6. c3 Bf5 7. Ne2 Bd6 8. Ng3 Bg6 9. Bd3 O-O 10. O-O Nd7 11. Be3 Re8 12. Re1 Qc7 13. Qc2 Nf8 14. Bf5 a6 15. Rad1 Rad8 16. Bc1 Ne6 17. Re2 Nf4 18.
Re4 Nd5 19. Rde1 Rf8 20. R4e2 b5 21. a4 Nb6 22. axb5 axb5 23. b3 c5 24. Be3 c4 25.
bxc4 Qxc4 26. Bd2 Nd5 27. Bxg6 hxg6 28. Ne4 Be7 29. Ng3 Bd6 30. Ne4 Be7 31. Ng3 Bd6 1/2-1/2

[Event "Late-Titled-Tuesday-Blitz-June-25-2024"]
[Site "Chess.com"]
[Date "2024.06.25"]
[Round "4"]
[White "MKlose11"]
[Black "ACollins05"]
[Result "1-0"]
[WhiteElo "2620"]
[BlackElo "2413"]
[TimeControl "180+1"]
[EndTime "14:36:39 PDT"]
[Termination "MKlose11 won by checkmate"]

1. e4 a6 2. d4 b5 3. Be3 Bb7 4. Bd3 e6 5. c3 Nf6 6. Nd2 d6 7. f4 Be7 8. Ngf3 c5 9. O-O Nbd7 10.
h3 O-O 11. Qe2 Rc8 12. Rad1 Qc7 13. e5 Nd5 14. Ne4 Nxe3 15. Qxe3 cxd4 16. cxd4 Nb6 17. Nfg5 h6 18. exd6 Bxd6 19. Nxd6 Qxd6 20. Ne4 Qd5 21. Rf2 Rfd8 22. Bb1 Rc4 23. Rfd2 Ba8 24. Qd3 f5 25. Nc3 Qd6 26. b3 Rcc8 27. Qe3 b4 28. Ne2 Nd5 29. Qg3 Nc3 30. Re1 Nxb1 31. Rxb1 Be4 32. Rbd1 a5 33.
Qe3 Rc2 34. Rxc2 Bxc2 35. Rc1 Be4 36. Rc5 Qa6 37. Ng3 Bb1 38. Qe5 Bxa2 39. Rc7 Qd6 40. Qxg7# 1-0

[Event "Late-Titled-Tuesday-Blitz-June-25-2024"]
[Site "Chess.com"]
[Date "2024.06.25"]
[Round "4"]
[White "HajiyevKanan"]
[Black "TigrVShlyape"]
[Result "0-1"]
[WhiteElo "2606"]
[BlackElo "2995"]
[TimeControl "180+1"]
[EndTime "14:36:40 PDT"]
[Termination "TigrVShlyape won by resignation"]

1. b3 d5 2. Bb2 Bf5 3. Nf3 e6 4.
e3 Nf6 5. Be2 h6 6. O-O Nbd7 7. c4 c6 8. d4 Bd6 9. Nbd2 O-O 10.
Rc1 Qb8 11. h3 a5 12. a3 Re8 13. Re1 Ne4 14. Nxe4 dxe4 15. Nd2 Nf6 16. c5 Bc7 17. Nc4 Nd5 18. Bg4 Qd8 19. Bxf5 exf5 20. Qh5 Qf6 21.
Ra1 Kh7 22. Ne5 g6 23. Qe2 Qe6 24. Qc2 f6 25. Nc4 h5 26. b4 axb4 27. axb4 h4 28.
Rxa8 Rxa8 29. Ra1 Rxa1+ 30. Bxa1 f4 31. exf4 Bxf4 32. Qb3 e3 33. Nxe3 Bxe3 34. fxe3 Qxe3+ 35. Qxe3 Nxe3 36. Bc3 g5 37. Bd2 Nd5 38. Kf2 Kg6 39. Kf3 f5 40. Ke2 g4 41. Kd3 f4 42. Ke4 f3 43. gxf3 gxh3 44. f4 h2 45. f5+ 0-1

[Event "Late-Titled-Tuesday-Blitz-June-25-2024"]
[Site "Chess.com"]
[Date "2024.06.25"]
[Round "4"]
[White "JavierRuizVazquez"]
[Black "miraitrunks"]
[Result "1-0"]
[WhiteElo "2388"]
[BlackElo "2064"]
[TimeControl "180+1"]
[EndTime "14:36:41 PDT"]
[Termination "JavierRuizVazquez won on time"]

1. e4 c5 2. Nc3 d6 3. Bc4 e6 4. d3 Nf6 5. Nge2 Be7 6. O-O O-O 7. Be3 Nc6 8. Bb3 d5 9. exd5 exd5 10. d4 a6 11. dxc5 Bg4 12. h3 Bxe2 13. Qxe2 d4 14. Rad1 Bxc5 15. Na4 Ba7 16. c4 Qe7 17. c5 dxe3 18.
fxe3 Rfe8 19. Kh1 Qxe3 20. Qc4 Ne5 21. Qh4 Bxc5 22. Rde1 Qd4 23. Qg5 h6 24. Qg3 Bd6 25. Rd1 Ne4 26. Qh4 Qe3 27. Rfe1 Nf2+ 28. Kg1 Nxh3+ 29.
Kh1 Nf2+ 30. Kg1 Ng6 31. Rxe3 1-0

[Event "Late-Titled-Tuesday-Blitz-June-25-2024"]
[Site "Chess.com"]
[Date "2024.06.25"]
[Round "4"]
[White "Ali_rastbod"]
[Black "ncofre98"]
[Result "1-0"]
[WhiteElo "2711"]
[BlackElo "2536"]
[TimeControl "180+1"]
[EndTime "14:36:45 PDT"]
[Termination "Ali_rastbod won by resignation"]

1. c4 e5 2. Nc3 Nc6 3. Nf3 Nf6 4. e4 d6 5. d4 Bg4 6. d5 Nd4 7. Be2 Bxf3 8. Bxf3 g6 9. Nb5 Nxf3+ 10. Qxf3 Bg7 11. Bg5 O-O 12. Rc1 c6 13. Nc3 h6 14.
Be3 c5 15. g4 Qd7 16. Rg1 a6 17. a4 Ne8 18. h4 Nc7 19. h5 b5 20. g5 hxg5 21. Bxg5 f6 22. hxg6 fxg5 23. Qh5 Bf6 24.
Ne2 Rfb8 25. Ng3 Ne8 26. Nf5 bxc4 27. Rh1 Rb7 28. Kf1 Raa7 29. Kg2 Kf8 30. Qh8+ 1-0

[Event "Late-Titled-Tuesday-Blitz-June-25-2024"]
[Site "Chess.com"]
[Date "2024.06.25"]
[Round "4"]
[White "ManMish2"]
[Black "petr577"]
[Result "1-0"]
[WhiteElo "2632"]
[BlackElo "2356"]
[TimeControl "180+1"]
[EndTime "14:36:45 PDT"]
[Termination "ManMish2 won by resignation"]

1. e4 e5 2. Nf3 Nc6 3. Bb5 f5 4. d4 fxe4 5. Bxc6 dxc6 6. Nxe5 Nf6 7. O-O c5 8. c3 Bd6 9. Bg5 Qe7 10. f4 O-O 11.
Nd2 cxd4 12. cxd4 Bf5 13. g4 e3 14. Ndc4 Be4 15. Nxe3 c5 16. Rc1 Rad8 17. Nf5 Bxf5 18. gxf5 cxd4 19. Re1 Bb8 20. Qb3+ Kh8 21. Ng6+ hxg6 22.
Rxe7 1-0

[Event "Late-Titled-Tuesday-Blitz-June-25-2024"]
[Site "Chess.com"]
[Date "2024.06.25"]
[Round "4"]
[White "Keithonsky"]
[Black "alexrustemov"]
[Result "1-0"]
[WhiteElo "2615"]
[BlackElo "2822"]
[TimeControl "180+1"]
[EndTime "14:36:48 PDT"]
[Termination "Keithonsky won by checkmate"]

1. d4 g6 2. c4 Bg7 3. e4 d6 4. d5 Na6 5. Bd3 Nc5 6. Bc2 a5 7. Ne2 Nf6 8. Nbc3 O-O 9. O-O e6 10. a3 exd5 11. cxd5 Re8 12. f3 Bd7 13.
Rb1 a4 14. Bg5 Qb8 15. Qd2 b5 16. Na2 Qb6 17. Be3 Bc8 18. Nb4 Nfd7 19. Kh1 Ne5 20. Bd4 Bd7 21. Qc3 f6 22. Ng3 Nc4 23. Bd3 Ne5 24.
Bc2 Rf8 25. Rbe1 Rae8 26. h3 Re7 27. f4 Nc4 28. Bd3 Na5 29. Rf2 Nab3 30. Rfe2 Nxd4 31. Qxd4 f5 32. e5 Rfe8 33. Bc2 Qa5 34. Qf2 Ne4 35. Nxe4 fxe4 36. e6 Bc8 37. f5 gxf5 38. Qxf5 Bxb2 39. Rxe4 Rg7 40. Rg4 Rf8 41. Qxh7# 1-0

[Event "Late-Titled-Tuesday-Blitz-June-25-2024"]
[Site "Chess.com"]
[Date "2024.06.25"]
[Round "4"]
[White "esskeettit"]
[Black "drdaro"]
[Result "1-0"]
[WhiteElo "2501"]
[BlackElo "2318"]
[TimeControl "180+1"]
[EndTime "14:36:48 PDT"]
[Termination "esskeettit won by resignation"]

1. d4 g6 2. c4 d6 3. Nc3 Bg7 4. e4 Nf6 5. Nf3 O-O 6. Be2 Bg4 7. Be3 Nbd7 8. O-O c5 9. d5 a6 10. Re1 Rb8 11. a4 Re8 12. Kh1 h5 13. h3 Bxf3 14. Bxf3 e5 15. dxe6 Rxe6 16. Qc2 Ne5 17. Be2 Nc6 18. Rad1 Nb4 19. Qb1 Qe8 20. Bf3 Rd8 21. Bf4 Bf8 22. Nd5 Nfxd5 23. cxd5 Re5 24. Bxe5 Qxe5 25.
g3 Bg7 26. Re2 b5 27. a5 Re8 28. Bg2 c4 29. f4 Qf6 30. Rf1 h4 31. e5 Nd3 32.
exf6 Rxe2 33. fxg7 hxg3 34. f5 Nf2+ 35. Kg1 1-0